 Dungeon Crawl Stone Soup version 0.29-a0-824-gd827844252 (webtiles) character file.

Game seed: 1668030212283060420

297 Lekart the Chopper (level 6, 0/53 HPs)
             Began as a Draconian Fighter on July 9, 2022.
             Was a Follower of Okawaru.
             Slain by Pikel
             ... wielding a +0 whip of flaming
              (3 damage)
             ... on level 4 of the Dungeon.
             The game lasted 00:05:08 (4697 turns).

Lekart the Chopper (Draconian Fighter)              Turns: 4697, Time: 00:05:08

Health: 0/53       AC:  7    Str: 20    XL:     6   Next: 12%
Magic:  6/6        EV: 12    Int: 12    God:    Okawaru [*.....]
Gold:   234        SH:  6    Dex:  9    Spells: 5/5 levels left

rFire   . . .      SeeInvis .   a - +1 war axe
rCold   . . .      Faith    .   b - +2 buckler
rNeg    . . .      Spirit   .   (body armour unavailable)
rPois   .          Reflect  .   (helmet restricted)
rElec   .          Harm     .   g - +0 cloak
rCorr   .          Rampage  .   (no gloves)
Will    +....                   (no boots)
Stlth   +.........              (no amulet)
HPRegen 0.17/turn               (no ring)
MPRegen 0.10/turn               (no ring)

@: mighty
A: AC +6, unfitting armour, cold-blooded, horns 1, clever 1, strong-willed 1,
MP-powered wands
a: Renounce Religion, Heroism


You were on level 4 of the Dungeon.
You worshipped Okawaru.
Okawaru was aware of your devotion.
You visited 1 branch of the dungeon, and saw 4 of its levels.
You also visited: Sewer.

You collected 234 gold pieces.

Inventory:

Hand Weapons
 a - a +1 war axe (weapon)
Armour
 b - a +2 buckler (worn)
 g - a +0 cloak (worn)
Jewellery
 h - a ring of poison resistance
Wands
 d - a wand of acid (10)
Scrolls
 e - 3 scrolls of identify
 f - 2 scrolls of fog
Potions
 i - 6 potions of flight
 j - a potion of curing


   Skills:
 + Level 4.3 Fighting
 + Level 4.4 Axes
 + Level 3.8 Dodging
 + Level 3.9 Shields


You had 5 spell levels left.
You didn't know any spells.
Your spell library contained the following spells:

 Spells                   Type           Power      Damage    Failure   Level
 Sublimation of Blood     Necr           0%         N/A       54%         2
 Wereblood                Tmut           0%         N/A       54%         2
 Summon Hydra             Summ           Unusable   N/A       N/A         7

Dungeon Overview and Level Annotations

Branches:
Dungeon (4/15)             Temple (0/1) D:4           Sewer (visited)

Altars:
Okawaru
Wu Jian

Shops:
D:2 [

Annotations:
D:4 Pikel


Innate Abilities, Weirdness & Mutations

Your plain brown scales are hard. (AC +6)
You cannot fit into any form of body armour.
You are cold-blooded and may be slowed by cold attacks.
You have a pair of small horns on your head.
Your mind is acute. (Int +4, Str/Dex -1)
You are strong-willed. (Will+)
You expend magic power (3 MP) to strengthen your wands.


Message History

You are too injured to fight recklessly!
You are too injured to fight recklessly!
You are too injured to fight recklessly!
You are too injured to fight recklessly!
You are too injured to fight recklessly!
You are too injured to fight recklessly!
You are too injured to fight recklessly!
You are too injured to fight recklessly!
You are too injured to fight recklessly!
You are too injured to fight recklessly!
You are too injured to fight recklessly!
You are too injured to fight recklessly!
You are too injured to fight recklessly!
You are too injured to fight recklessly!
You are too injured to fight recklessly!
You are too injured to fight recklessly!
You are too injured to fight recklessly!
You feel very mighty all of a sudden. The lemure barely misses you.
Pikel hits you with a +0 whip of flaming.
* * * LOW HITPOINT WARNING * * *
Pikel burns you.
* * * LOW HITPOINT WARNING * * *
You barely miss Pikel. Your headbutt misses Pikel. You tail-slap Pikel.
Pikel is moderately wounded.
You barely miss the lemure. The lemure hits you.
* * * LOW HITPOINT WARNING * * *
You block Pikel's attack.
You barely miss Pikel.
Your tail-slap misses Pikel.
Pikel is moderately wounded.
You closely miss the lemure. The lemure barely misses you.
Pikel waves his whip at you.
Pikel hits you with a +0 whip of flaming.
* * * LOW HITPOINT WARNING * * *
Pikel burns you.
* * * LOW HITPOINT WARNING * * *
The lemure hits you.
* * * LOW HITPOINT WARNING * * *
Pikel hits you with a +0 whip of flaming.
You die...

###+++### ##§§...§≈##
##§§§§..≈§§##
##≈≈≈.§5§§≈§≈#
##§≈≈.55§...≈≈≈
#≈≈≈.§5≈K≈.≈.§≈
§§≈...≈@# .#
§≈§≈.≈.§.≈.≈.§.
#.#####≈§...§§§§§...§..
#.....'..≈.≈.§§§§≈.≈.≈.
#.....'.§§≈.#§§.#.§.#.§
#.....'.§≈.≈.≈§≈§≈§§§≈§
#.....# ≈...≈..§§§§§≈§.
##.....#
§§.≈.≈.≈.≈b≈§b.
.'.....##


You could see Pikel and 4 lemures.

Vanquished Creatures
  Crazy Yiuf (D:3)
  An iguana (D:4)
  Ijyb (D:3)
  6 adders
  6 river rats (Sewer)
  6 worms
  2 dart slugs
  An orc (D:3)
  9 ball pythons
  5 endoplasms
  8 giant cockroaches
  6 goblins
  4 hobgoblins
  6 jackals
  6 quokkas
  10 bats
  3 frilled lizards
  4 kobolds
  5 rats
90 creatures vanquished.

Notes
Turn   | Place    | Note
-------+----------+-------------------------------------------
     0 | D:1      | Lekart the Draconian Fighter began the quest for the Orb.
     0 | D:1      | Reached XP level 1. HP: 19/19 MP: 1/1
   354 | D:1      | Reached XP level 2. HP: 26/26 MP: 2/2
   623 | D:1      | Gained mutation: You are clumsy. (Dex -2) [potion of
                  | mutation]
   623 | D:1      | Gained mutation: Your muscles are strong. (Str +4, Int/Dex
                  | -1) [potion of mutation]
   623 | D:1      | Gained mutation: You have a pair of small horns on your
                  | head. [potion of mutation]
   623 | D:1      | Gained mutation: You have a somewhat thin skeletal
                  | structure. (Dex +2, Stealth+) [potion of mutation]
   624 | D:1      | Lost mutation: Your muscles are strong. (Str +4, Int/Dex
                  | -1) [potion of mutation]
   624 | D:1      | Lost mutation: You have a somewhat thin skeletal structure.
                  | (Dex +2, Stealth+) [potion of mutation]
   624 | D:1      | Gained mutation: You are strong-willed. (Will+) [potion of
                  | mutation]
   993 | D:2      | Found Urchimun's Antique Armour Boutique.
  1422 | D:2      | Reached XP level 3. HP: 32/33 MP: 3/3
  1794 | D:3      | Found a faded altar of an unknown god.
  1796 | D:3      | Prayed at the altar of an unknown god.
  1796 | D:3      | Became a worshipper of Warmaster Okawaru
  1796 | D:3      | Reached * piety under Okawaru
  2147 | D:3      | Lost mutation: You are clumsy. (Dex -2) [potion of
                  | mutation]
  2147 | D:3      | Lost mutation: You are strong-willed. (Will+) [potion of
                  | mutation]
  2147 | D:3      | Gained mutation: You expend magic power (3 MP) to
                  | strengthen your wands. [potion of mutation]
  2147 | D:3      | Gained mutation: Your mind is acute. (Int +4, Str/Dex -1)
                  | [potion of mutation]
  2147 | D:3      | Gained mutation: You are strong-willed. (Will+) [potion of
                  | mutation]
  2342 | D:3      | Found a glowing drain.
  2361 | Sewer    | Entered a sewer
  2370 | Sewer    | Reached XP level 4. HP: 39/40 MP: 4/4
  2741 | Sewer    | Reached XP level 5. HP: 18/46 MP: 5/5
  3772 | D:3      | Noticed Ijyb
  3787 | D:3      | Killed Ijyb
  3930 | D:3      | Found a runed translucent door.
  3931 | D:3      | Noticed Crazy Yiuf
  3936 | D:3      | Killed Crazy Yiuf
  4073 | D:4      | Reached XP level 6. HP: 27/53 MP: 6/6
  4466 | D:4      | Found an ornate altar of the Wu Jian Council.
  4687 | D:4      | Found a staircase to the Ecumenical Temple.
  4690 | D:4      | Noticed Pikel
  4697 | D:4      | Slain by Pikel

Illustrated notes

Levels and vault maps discovered:
D:1:      evilmike_arrival_hilbert_curve, layout_loops_cross,
          due_unseen_surprise
D:2:      layout_loops_cross, serial_shops, nicolae_shop_hallway_plus
D:3:      layout_basic, chequers_ecumenical_altar_island,
          cheibrodos_sewer_entry_bend, st_stairs_6, uniq_ijyb,
          uniq_crazy_yiuf_cottage
D:4:      layout_basic, nicolae_wu_jian_immortal_techniques,
          minmay_temple_entry_butterflies, kennysheep_cluttered_room,
          nicolae_underground_beach, uniq_robin, uniq_pikel

Skill      XL: |  1  2  3  4  5 |
---------------+----------------+-----
Dodging        | 3 |  3.8
Fighting       | 4 |  4.3
Axes           | 3 4 |  4.4
Shields        | |  3.9

Action                   |  1- 3 |  4- 6 || total
-------------------------+-------+-------++-------
Melee: War axe           |   118 |   175 ||   293
       Tailslap          |    11 |    15 ||    26
       Headbutt          |     9 |    13 ||    22
Invok: Heroism           |     1 |       ||     1
Evoke: Wand              |       |     1 ||     1
  Use: Potion            |     3 |     3 ||     6
       Scroll            |     4 |     5 ||     9
 Stab: Sleeping          |     1 |       ||     1
Armor: Skin              |    24 |    49 ||    73
Dodge: Dodged            |    69 |   126 ||   195
Block: Buckler           |    35 |    61 ||    96

Table legend: (Time is in decaauts)
 A = Elapsed time spent in this place.
 B = Non-inter-level travel time spent in this place.
 C = Inter-level travel time spent in this place.
 D = Time resting spent in this place.
 E = Time spent auto-exploring this place.
 F = Levels seen in this place.
 G = Mean time per level.
                   A        B        C        D        E       F      G
               +--------+--------+--------+--------+--------+-----+--------+
         Total |   4979 |   4884 |     95 |    247 |   3818 |   5 |  995.8 |
       Dungeon |   3402 |   3307 |     95 |      0 |   2836 |   4 |  850.5 |
         Sewer |   1576 |   1576 |      0 |    247 |    981 |   1 | 1576.0 |
               +--------+--------+--------+--------+--------+-----+--------+

Top non-repeatable levels by time:
   Sewer: 1576 daAuts
     D:2: 1165 daAuts
     D:3: 888 daAuts
     D:4: 688 daAuts
     D:1: 659 daAuts
